 Dungeon Crawl Stone Soup version 0.26.1-11-gd32895ea62 (webtiles) character file.

Game seed: 9098424553848185398

21529 phalm the Destroyer (level 12, 0/92 HPs)
             Began as a Gnoll Conjurer on May 12, 2021.
             Was the Champion of Cheibriados.
             Slain by a one-headed hydra (11 damage)
             ... on level 2 of the Lair of Beasts on May 13, 2021.
             The game lasted 00:39:57 (16673 turns).

phalm the Destroyer (Gnoll Conjurer)               Turns: 16673, Time: 00:39:57

Health: 0/92       AC: 10    Str: 25    XL:     12   Next: 90%
Magic:  2/25       EV: 19    Int: 40    God:    Cheibriados [******]
Gold:   980        SH: 13    Dex: 29    Spells: 17/29 levels left

rFire    + . .     SeeInvis .   y - +2 war axe of Eternal Vigilance {flame, rN+} (curse)
rCold    + . .     Faith    .   s - +0 kite shield
rNeg     + . .     Spirit   .   Q - +0 swamp dragon scales
rPois    +         Reflect  .   (no helmet)
rElec    .         Harm     .   W - -2 cloak "Soetud" {rC+}
rCorr    +         Rampage  .   P - +0 pair of gloves
Will     .....                  H - -1 pair of boots (curse)
Stlth    ++++......             g - amulet of regeneration
HPRegen  0.65/turn              R - ring of resist corrosion
MPRegen  0.19/turn              F - ring of protection from fire

@: lethally poisoned (0 -> -1), very slow
A: distributed training, fangs 1, strong nose
a: Renounce Religion, Bend Time, Temporal Distortion, Slouch, Step From Time


You were on level 2 of the Lair of Beasts.
You worshipped Cheibriados.
Cheibriados was exalted by your worship.
You visited 3 branches of the dungeon, and saw 14 of its levels.
You also visited: Ossuary and Bailey.

You collected 1187 gold pieces.
You spent 207 gold pieces at shops.


Innate Abilities, Weirdness & Mutations

Your experience applies equally to all skills.
You have very sharp teeth.
Your uncanny sense of smell can sniff out nearby items.


   Skills:
 + Level 7.7 Fighting
 + Level 7.7 Short Blades
 + Level 7.7 Long Blades
 + Level 7.7 Axes
 + Level 7.7 Maces & Flails
 + Level 7.7 Polearms
 + Level 7.7 Staves
 + Level 7.7 Slings
 + Level 7.7 Bows
 + Level 7.7 Crossbows
 + Level 7.7 Throwing
 + Level 7.7 Armour
 + Level 9.1 Dodging
 + Level 8.9 Stealth
 + Level 7.7 Shields
 + Level 7.7 Unarmed Combat
 + Level 9.3 Spellcasting
 + Level 9.6 Conjurations
 + Level 6.4 Hexes
 + Level 6.4 Summonings
 + Level 6.4 Necromancy
 + Level 6.4 Translocations
 + Level 6.4 Transmutations
 + Level 6.4 Fire Magic
 + Level 6.4 Ice Magic
 + Level 6.4 Air Magic
 + Level 6.4 Earth Magic
 + Level 6.4 Poison Magic
 + Level 8.4 Invocations
 + Level 7.7 Evocations


You had 17 spell levels left.
You knew the following spells:

 Your Spells              Type           Power        Failure   Level
f - Fireball              Conj/Fire      35%          7%          5
m - Magic Dart            Conj           100%         1%          1
s - Searing Ray           Conj           100%         1%          2
X - Iskenderun's Mystic   Conj/Tloc      70%          2%          4

Your spell library contained the following spells:

 Spells                   Type           Power        Failure   Level
 Dazzling Flash           Conj/Hex       100%         1%          3
 Ignite Poison            Fire/Tmut/Pois 63%          1%          3
 Fulminant Prism          Conj/Hex       35%          2%          4
 Starburst                Conj/Fire      35%          36%         6
 Ignition                 Fire           31%          100%        8

Inventory:

Hand Weapons
 y - the cursed +2 war axe of Eternal Vigilance (weapon) {flame, rN+}
   (You found it on level 10 of the Dungeon)

   It has been specially enchanted to burn those struck by it, causing extra
   injury to most foes and up to half again as much damage against particularly
   susceptible opponents.
   Big, fiery blades are also staple armaments of hydra-hunters.
   It protects you from negative energy.
   It has a curse placed upon it.
Missiles
 a - 4 silver boomerangs
 w - 8 boomerangs
 I - 6 javelins
 K - a throwing net {=f!f}
Armour
 s - a +0 kite shield (worn)
   (You found it on level 3 of the Dungeon)
 H - a cursed -1 pair of boots (worn)
   (You found it on level 10 of the Dungeon)
 P - a +0 pair of gloves (worn)
   (You found it on level 8 of the Dungeon)
 Q - +0 swamp dragon scales (worn)
   (You took it off Maggie on level 7 of the Dungeon)
 W - the -2 cloak "Soetud" (worn) {rC+}
   (You found it in a bailey)

   It protects you from cold.
Jewellery
 f - an uncursed ring of protection from fire
   (You found it on level 6 of the Dungeon)
 g - an amulet of regeneration (around neck)
   (You took it off a hobgoblin on level 2 of the Dungeon)
 F - a ring of protection from fire (right hand)
   (You found it on level 3 of the Dungeon)
 L - an uncursed ring of flight
   (You took it off an orc on level 5 of the Dungeon)
 N - an uncursed ring of positive energy
   (You found it on level 7 of the Dungeon)
 R - a ring of resist corrosion (left hand)
   (You found it on level 5 of the Dungeon)
Wands
 d - a wand of enslavement (11)
   (You took it off an orc on level 9 of the Dungeon)
 l - a wand of disintegration (12)
   (You found it on level 9 of the Dungeon)
 B - a wand of acid (19)
   (You found it on level 5 of the Dungeon)
 O - a wand of flame (37)
   (You took it off Maggie on level 7 of the Dungeon)
 X - a wand of polymorph (5)
   (You found it on level 10 of the Dungeon)
Scrolls
 c - 4 scrolls of remove curse {@r2}
 i - 6 scrolls of teleportation {@r4}
 k - 2 scrolls of fear
 v - 3 scrolls of magic mapping {!r}
 E - a scroll of immolation {!r!r}
 G - a scroll of vulnerability {unknown}
 S - a scroll of fog {unknown}
 T - a scroll of summoning {unknown}
 Y - a scroll of blinking {unknown}
Potions
 e - 6 potions of curing {@q1}
 h - 2 potions of ambrosia
 j - 4 potions of heal wounds {@q2}
 o - 4 potions of lignification {!q}
 p - 3 potions of attraction {!q}
 q - 6 potions of flight
 r - a potion of degeneration {unknown}
 t - 2 potions of cancellation
 z - a potion of brilliance {unknown}
 D - 4 potions of might
 J - a potion of resistance
 V - a potion of invisibility {unknown}

Dungeon Overview and Level Annotations

Branches:
Dungeon (11/15)            Temple (1/1) D:4            Lair (2/6) D:11
    Orc (0/2) D:10        Ossuary (visited)          Bailey (visited)
  Swamp: Lair:2-4    Shoals: Lair:2-4     Snake: Lair:2-4    Spider: Lair:2-4

Altars:
Ashenzari
Cheibriados
Dithmenos
Elyvilon
Fedhas
Gozag
Hepliaklqana
Kikubaaqudgha
Makhleb
Nemelex Xobeh
Okawaru
Qazlal
Ru
Sif Muna
Trog
Uskayaw
Vehumet
Wu Jian
Xom
Yredelemnul
Zin
The Shining One

Shops:
D:6

[ ##.#.## ∆ ......#
.. #....#.....# .
..##....#.....#..
......##......#
#....##.....#
#....##...(.##.
♣#....##@†......
♣.....#D##/####.
♣......†##.#
♣.............
♣.............
♣#.............
♣♣♣♣♣#........#.#.#P
#....#.......#.####
#.....#..........


You could see an one-headed hydra.


Message History

You now have 92 max hp (+1).
You lost 1 mp, and now have 3/25 mp.
The searing ray hits the four-headed hydra!!
You feel sick.
The five-headed hydra roars! 😮 HP[-1] MP[-1]
You take 1 damage, and now have 65/92 hp.
You lost 1 mp, and now have 2/25 mp.
The searing ray hits the four-headed hydra!
You feel sick.
The four-headed hydra barely misses you.
The four-headed hydra misses you. The four-headed hydra bites you.
You block the four-headed hydra's attack. 😮 HP[-2] MP[-1]
You take 2 damage, and now have 63/92 hp.
You lost 1 mp, and now have 1/25 mp.
The searing ray hits the four-headed hydra!
You finish channeling your searing ray.
You feel sick.
You block the four-headed hydra's attack.
The four-headed hydra bites you but does no damage.
The four-headed hydra misses you.
The four-headed hydra barely misses you. 😮 MP[-1]
You lost 1 mp, and now have 0/25 mp.
You barely miss the four-headed hydra. You bite the four-headed hydra.
You feel sick. The four-headed hydra bites you!
You block the four-headed hydra's attack.
The four-headed hydra bites you but does no damage. x2
The four-headed hydra bites you.
The four-headed hydra barely misses you.
The four-headed hydra bites you.
* * * LOW HITPOINT WARNING * * *
You block the four-headed hydra's attack. 😨 HP[-19]
You take 19 damage, and now have 44/92 hp.
MASSIVE DAMAGE!! (PAUSE)
You lop one of the four-headed hydra's heads off!
The flame cauterises the wound!
You slice the three-headed hydra!! You burn the three-headed hydra.
You kill the three-headed hydra!
Cheibriados appreciates the change of pace.
You feel sick. 😨 MP[+1]
Aiming: Enslavement
Press: ? - help, Shift-Dir - straight line, f - five-headed hydra
Aim: a five-headed hydra (chance to affect: 33%)
Okay, then.
Aiming: Polymorph
Press: ? - help, Shift-Dir - straight line, f - five-headed hydra
Aim: a five-headed hydra (will become a slime creature, a spark wasp, or a tyrant leech, chance to affect: 33%)
Okay, then.
Aiming: Disintegrate
Press: ? - help, Shift-Dir - straight line, f - five-headed hydra
Aim: a five-headed hydra (chance to affect: 60%)
The five-headed hydra is blasted!
You feel sick.
You block the five-headed hydra's attack. x2
The five-headed hydra misses you. The five-headed hydra bites you!
* * * LOW HITPOINT WARNING * * *
You block the five-headed hydra's attack. 😨 HP[-10]
You take 10 damage, and now have 34/92 hp.
You chop one of the five-headed hydra's heads off!
The flame cauterises the wound!
You hit the four-headed hydra. You burn the four-headed hydra.
You feel sick.
The four-headed hydra completely misses you.
The four-headed hydra bites you.
* * * LOW HITPOINT WARNING * * *
The four-headed hydra misses you. x2 😨 HP[-5]
You take 5 damage, and now have 29/92 hp.
You lop one of the four-headed hydra's heads off!
The flame cauterises the wound!
You slash the three-headed hydra! You burn the three-headed hydra.
The three-headed hydra bites you.
* * * LOW HITPOINT WARNING * * *
You block the three-headed hydra's attack. x2 😨 HP[-3]
You take 3 damage, and now have 26/92 hp.
You barely miss the three-headed hydra.
You feel sick.
You block the three-headed hydra's attack.
The three-headed hydra bites you but does no damage.
The three-headed hydra barely misses you. 😨 HP[-1]
You take 1 damage, and now have 25/92 hp.
You chop one of the three-headed hydra's heads off!
The flame cauterises the wound!
You slash the two-headed hydra! You burn the two-headed hydra.
You feel sick.
The two-headed hydra bites you but does no damage.
You block the two-headed hydra's attack. 😨 MP[+1]
You barely miss the two-headed hydra.
You feel sick.
The two-headed hydra bites you but does no damage. x2
The two-headed hydra bites you!
* * * LOW HITPOINT WARNING * * *
The two-headed hydra bites you!
* * * LOW HITPOINT WARNING * * *
😱 HP[-15]
You take 15 damage, and now have 10/92 hp.
You lop one of the two-headed hydra's heads off!
The flame cauterises the wound!
You slash the one-headed hydra! You burn the one-headed hydra.
The one-headed hydra bites you!
You die...

Skill      XL: |  1  2  3  4  5  6  7  8  9 10 11 12 |
---------------+-------------------------------------+-----
Spellcasting   | 5 6 7 8 9 |  9.3
Invocations    | 1 2 3 4 5 6 7 8 |  8.4
Fighting       | 1 2 3 4 5 6 7 |  7.7
Short Blades   | 1 2 3 4 5 6 7 |  7.7
Long Blades    | 1 2 3 4 5 6 7 |  7.7
Axes           | 1 2 3 4 5 6 7 |  7.7
Maces & Flails | 1 2 3 4 5 6 7 |  7.7
Polearms       | 1 2 3 4 5 6 7 |  7.7
Staves         | 1 2 3 4 5 6 7 |  7.7
Slings         | 1 2 3 4 5 6 7 |  7.7
Bows           | 1 2 3 4 5 6 7 |  7.7
Crossbows      | 1 2 3 4 5 6 7 |  7.7
Throwing       | 1 2 3 4 5 6 7 |  7.7
Armour         | 1 2 3 4 5 6 7 |  7.7
Shields        | 1 2 3 4 5 6 7 |  7.7
Unarmed Combat | 1 2 3 4 5 6 7 |  7.7
Evocations     | 1 2 3 4 5 6 7 |  7.7
Hexes          | 1 2 3 4 5 6 |  6.4
Summonings     | 1 2 3 4 5 6 |  6.4
Necromancy     | 1 2 3 4 5 6 |  6.4
Translocations | 1 2 3 4 5 6 |  6.4
Transmutations | 1 2 3 4 5 6 |  6.4
Fire Magic     | 1 2 3 4 5 6 |  6.4
Ice Magic      | 1 2 3 4 5 6 |  6.4
Air Magic      | 1 2 3 4 5 6 |  6.4
Earth Magic    | 1 2 3 4 5 6 |  6.4
Poison Magic   | 1 2 3 4 5 6 |  6.4
Dodging        | 5 6 7 8 9 |  9.1
Stealth        | 5 6 7 8 |  8.9
Conjurations   | 8 9 |  9.6

Action                   |  1- 3 |  4- 6 |  7- 9 | 10-12 || total
-------------------------+-------+-------+-------+-------++-------
Melee: Short sword       |     1 |     3 |       |       ||     4
       War axe           |       |     4 |    26 |   121 ||   151
       Bite              |       |       |    29 |    40 ||    69
       Whip              |       |       |   131 |     1 ||   132
       Mace              |       |       |       |    23 ||    23
       Unarmed           |       |       |       |    52 ||    52
 Fire: Hunting sling     |       |       |       |    37 ||    37
Throw: Dart              |       |       |       |     4 ||     4
 Cast: Magic Dart        |    63 |    75 |   184 |   460 ||   782
       Searing Ray       |     1 |    10 |    40 |    80 ||   131
       Iskenderun's Myst |       |       |       |     3 ||     3
       Fireball          |       |       |       |     4 ||     4
Evoke: Wand              |       |       |       |     1 ||     1
  Use: Scroll            |       |     1 |    10 |    14 ||    25
 Stab: Sleeping          |       |       |     6 |       ||     6
Armor: Robe              |       |     1 |    10 |       ||    11
       Swamp dragon scal |       |       |       |    77 ||    77
Dodge: Dodged            |     5 |     7 |    64 |   214 ||   290
Block: Kite shield       |       |     3 |    57 |   260 ||   320

Levels and vault maps discovered:
D:1:      scummos_arrival_hexagon, layout_rooms
D:2:      layout_basic
D:3:      layout_rooms
D:4:      layout_basic, marbit_many_paths, minmay_temple_entry_ruins
D:5:      layout_cave_pools, uniq_pikel
D:6:      layout_basic, pdpol_wu_jian_five_deadly_venoms, serial_shops,
          kennysheep_mini, kennysheep_small_spiral
D:7:      layout_cave_pools, nicolae_overflow_quartered_altars,
          grunt_dithmenos_smoke_and_mirrors, nicolae_ossuary_entry_catacombs,
          chequers_serial_rivers_small_b, minmay_misc_feat_room,
          uniq_prince_ribbit1, uniq_maggie
D:8:      layout_loops_ring, enter_bailey_5
D:9:      layout_rooms, gammafunk_temple_overflow_statue
D:10:     layout_gridville, zombieorc1_lemuel, minivault_10, eino_jars
D:11:     layout_cave_pods, david_lair_generic
Temple:   cyrus_circular_temple
Lair:1:   layout_misc_corridors, grunt_megastairs_3, serial_bayou_shore_a
Lair:2:   layout_regular_city, palyth_hydra_swamp_entry, serial_forest,
          infiniplex_forest_end_3, infiniplex_forest_corner_2,
          infiniplex_forest_end_2, infiniplex_forest_zigzag_2,
          infiniplex_forest_clump_diagonal, infiniplex_forest_clump_small,
          infiniplex_forest_straight_3, infiniplex_forest_clump_double

Notes
Turn   | Place    | Note
-------+----------+-------------------------------------------
     0 | D:1      | phalm the Gnoll Conjurer began the quest for the Orb.
     0 | D:1      | Reached XP level 1. HP: 13/13 MP: 6/6
     0 | D:1      | magus.rc [v1.9.10]
   123 | D:1      | Reached XP level 2. HP: 19/19 MP: 4/7
   126 | D:1      | Learned a level 2 spell: Searing Ray
   502 | D:1      | Reached XP level 3. HP: 25/25 MP: 0/9
   744 | D:2      | Reached skill level 5 in Spellcasting
   905 | D:2      | Reached skill level 1 in Invocations
  1171 | D:2      | Reached skill level 1 in Fighting
  1171 | D:2      | Reached skill level 1 in Short Blades
  1171 | D:2      | Reached skill level 1 in Long Blades
  1171 | D:2      | Reached skill level 1 in Axes
  1171 | D:2      | Reached skill level 1 in Maces & Flails
  1171 | D:2      | Reached skill level 1 in Polearms
  1171 | D:2      | Reached skill level 1 in Staves
  1171 | D:2      | Reached skill level 1 in Slings
  1171 | D:2      | Reached skill level 1 in Bows
  1171 | D:2      | Reached skill level 1 in Crossbows
  1171 | D:2      | Reached skill level 1 in Throwing
  1171 | D:2      | Reached skill level 1 in Armour
  1171 | D:2      | Reached skill level 1 in Shields
  1171 | D:2      | Reached skill level 1 in Unarmed Combat
  1171 | D:2      | Reached skill level 1 in Evocations
  1615 | D:3      | Reached XP level 4. HP: 32/32 MP: 9/11
  1906 | D:3      | Reached skill level 1 in Hexes
  1906 | D:3      | Reached skill level 1 in Summonings
  1906 | D:3      | Reached skill level 1 in Necromancy
  1906 | D:3      | Reached skill level 1 in Translocations
  1906 | D:3      | Reached skill level 1 in Transmutations
  1906 | D:3      | Reached skill level 1 in Fire Magic
  1906 | D:3      | Reached skill level 1 in Ice Magic
  1906 | D:3      | Reached skill level 1 in Air Magic
  1906 | D:3      | Reached skill level 1 in Earth Magic
  1906 | D:3      | Reached skill level 1 in Poison Magic
  1958 | D:3      | Noticed a centaur
  1962 | D:3      | Killed a centaur
  1963 | D:3      | Reached XP level 5. HP: 18/37 MP: 6/12
  2187 | D:3      | Reached XP level 6. HP: 44/44 MP: 6/13
  2188 | D:3      | Reached skill level 2 in Invocations
  2925 | D:4      | Reached skill level 5 in Dodging
  2992 | D:4      | Reached skill level 2 in Fighting
  2992 | D:4      | Reached skill level 2 in Short Blades
  2992 | D:4      | Reached skill level 2 in Long Blades
  2992 | D:4      | Reached skill level 2 in Axes
  2992 | D:4      | Reached skill level 2 in Maces & Flails
  2992 | D:4      | Reached skill level 2 in Polearms
  2992 | D:4      | Reached skill level 2 in Staves
  2992 | D:4      | Reached skill level 2 in Slings
  2992 | D:4      | Reached skill level 2 in Bows
  2992 | D:4      | Reached skill level 2 in Crossbows
  2992 | D:4      | Reached skill level 2 in Throwing
  2992 | D:4      | Reached skill level 2 in Armour
  2992 | D:4      | Reached skill level 2 in Shields
  2992 | D:4      | Reached skill level 2 in Unarmed Combat
  2992 | D:4      | Reached skill level 2 in Evocations
  3062 | D:4      | Found a staircase to the Ecumenical Temple.
  3071 | Temple   | Entered the Ecumenical Temple
  3138 | Temple   | Became a worshipper of Cheibriados the Contemplative
  3368 | D:4      | Learned a level 4 spell: Iskenderun's Mystic Blast
  3452 | D:4      | Found a shimmering blue altar of Sif Muna.
  4000 | D:5      | Entered Level 5 of the Dungeon
  4018 | D:4      | Reached XP level 7. HP: 36/50 MP: 7/15
  4206 | D:5      | Reached skill level 2 in Hexes
  4206 | D:5      | Reached skill level 2 in Summonings
  4206 | D:5      | Reached skill level 2 in Necromancy
  4206 | D:5      | Reached skill level 2 in Translocations
  4206 | D:5      | Reached skill level 2 in Transmutations
  4206 | D:5      | Reached skill level 2 in Fire Magic
  4206 | D:5      | Reached skill level 2 in Ice Magic
  4206 | D:5      | Reached skill level 2 in Air Magic
  4206 | D:5      | Reached skill level 2 in Earth Magic
  4206 | D:5      | Reached skill level 2 in Poison Magic
  4384 | D:5      | Reached * piety under Cheibriados
  4433 | D:5      | Reached skill level 5 in Stealth
  4525 | D:5      | Reached skill level 3 in Invocations
  4625 | D:5      | Noticed Pikel
  4746 | D:5      | Killed Pikel
  4747 | D:5      | Reached skill level 3 in Fighting
  4747 | D:5      | Reached skill level 3 in Short Blades
  4747 | D:5      | Reached skill level 3 in Long Blades
  4747 | D:5      | Reached skill level 3 in Axes
  4747 | D:5      | Reached skill level 3 in Maces & Flails
  4747 | D:5      | Reached skill level 3 in Polearms
  4747 | D:5      | Reached skill level 3 in Staves
  4747 | D:5      | Reached skill level 3 in Slings
  4747 | D:5      | Reached skill level 3 in Bows
  4747 | D:5      | Reached skill level 3 in Crossbows
  4747 | D:5      | Reached skill level 3 in Throwing
  4747 | D:5      | Reached skill level 3 in Armour
  4747 | D:5      | Reached skill level 3 in Shields
  4747 | D:5      | Reached skill level 3 in Unarmed Combat
  4747 | D:5      | Reached skill level 6 in Spellcasting
  4747 | D:5      | Reached skill level 3 in Evocations
  4747 | D:5      | Reached XP level 8. HP: 55/58 MP: 6/17
  5427 | D:6      | Found an ornate altar of the Wu Jian Council.
  5578 | D:6      | Found Ecojoonk's Antique Armour Emporium.
  5581 | D:6      | Bought a translucent ring mail for 207 gold pieces
  5591 | D:6      | Identified the cursed +1 ring mail of Grace {Rampage Will+}
                  | (You bought it in a shop on level 6 of the Dungeon)
  5777 | D:6      | Reached skill level 3 in Hexes
  5777 | D:6      | Reached skill level 3 in Summonings
  5777 | D:6      | Reached skill level 3 in Necromancy
  5777 | D:6      | Reached skill level 3 in Translocations
  5777 | D:6      | Reached skill level 3 in Transmutations
  5777 | D:6      | Reached skill level 3 in Fire Magic
  5777 | D:6      | Reached skill level 3 in Ice Magic
  5777 | D:6      | Reached skill level 3 in Air Magic
  5777 | D:6      | Reached skill level 3 in Earth Magic
  5777 | D:6      | Reached skill level 3 in Poison Magic
  5777 | D:6      | Reached skill level 4 in Invocations
  6027 | D:6      | Reached skill level 6 in Dodging
  6272 | D:7      | Reached ** piety under Cheibriados
  6273 | D:7      | Reached XP level 9. HP: 65/65 MP: 4/18
  6383 | D:7      | Found a sand-covered staircase.
  6394 | D:7      | Reached skill level 4 in Fighting
  6394 | D:7      | Reached skill level 4 in Short Blades
  6394 | D:7      | Reached skill level 4 in Long Blades
  6394 | D:7      | Reached skill level 4 in Axes
  6394 | D:7      | Reached skill level 4 in Maces & Flails
  6394 | D:7      | Reached skill level 4 in Polearms
  6394 | D:7      | Reached skill level 4 in Staves
  6394 | D:7      | Reached skill level 4 in Slings
  6394 | D:7      | Reached skill level 4 in Bows
  6394 | D:7      | Reached skill level 4 in Crossbows
  6394 | D:7      | Reached skill level 4 in Throwing
  6394 | D:7      | Reached skill level 4 in Armour
  6394 | D:7      | Reached skill level 4 in Shields
  6394 | D:7      | Reached skill level 4 in Unarmed Combat
  6394 | D:7      | Reached skill level 4 in Evocations
  6460 | Ossuary  | Entered an ossuary
  6850 | Ossuary  | Reached *** piety under Cheibriados
  6999 | Ossuary  | Reached skill level 6 in Stealth
  6999 | Ossuary  | Reached skill level 8 in Conjurations
  7553 | D:7      | Reached **** piety under Cheibriados
  7607 | D:7      | Found a basalt altar of Yredelemnul.
  7669 | D:7      | Found a broken altar of Ashenzari.
  7734 | D:7      | Found a hide-covered altar of Uskayaw.
  7756 | D:7      | Noticed Prince Ribbit
  7782 | D:7      | Reached skill level 5 in Invocations
  7782 | D:7      | Killed Prince Ribbit
  7796 | D:7      | Noticed Maggie
  7885 | D:7      | Found a shadowy altar of Dithmenos.
  7937 | D:7      | Killed Maggie
  7938 | D:7      | Reached skill level 7 in Spellcasting
  7938 | D:7      | Reached skill level 4 in Hexes
  7938 | D:7      | Reached skill level 4 in Summonings
  7938 | D:7      | Reached skill level 4 in Necromancy
  7938 | D:7      | Reached skill level 4 in Translocations
  7938 | D:7      | Reached skill level 4 in Transmutations
  7938 | D:7      | Reached skill level 4 in Fire Magic
  7938 | D:7      | Reached skill level 4 in Ice Magic
  7938 | D:7      | Reached skill level 4 in Air Magic
  7938 | D:7      | Reached skill level 4 in Earth Magic
  7938 | D:7      | Reached skill level 4 in Poison Magic
  7938 | D:7      | Reached XP level 10. HP: 54/73 MP: 8/20
  7964 | D:7      | Reached skill level 5 in Fighting
  7964 | D:7      | Reached skill level 5 in Short Blades
  7964 | D:7      | Reached skill level 5 in Long Blades
  7964 | D:7      | Reached skill level 5 in Axes
  7964 | D:7      | Reached skill level 5 in Maces & Flails
  7964 | D:7      | Reached skill level 5 in Polearms
  7964 | D:7      | Reached skill level 5 in Staves
  7964 | D:7      | Reached skill level 5 in Slings
  7964 | D:7      | Reached skill level 5 in Bows
  7964 | D:7      | Reached skill level 5 in Crossbows
  7964 | D:7      | Reached skill level 5 in Throwing
  7964 | D:7      | Reached skill level 5 in Armour
  7964 | D:7      | Reached skill level 5 in Shields
  7964 | D:7      | Reached skill level 5 in Unarmed Combat
  7964 | D:7      | Reached skill level 5 in Evocations
  8313 | D:7      | Found an ancient bone altar of Kikubaaqudgha.
  8576 | D:8      | Found a flagged portal.
  8591 | D:8      | Noticed a two-headed ogre
  8603 | D:8      | Killed a two-headed ogre
  8604 | D:8      | Reached skill level 7 in Dodging
  8681 | Bailey   | Entered a bailey
  9086 | Bailey   | Reached ***** piety under Cheibriados
  9105 | Bailey   | Identified +1 gold dragon scales
  9493 | Bailey   | a +0 halberd; +1 gold dragon scales {rare}; an orc corpse
  9494 | Bailey   | U - +1 gold dragon scales {rare}
  9580 | Bailey   | Got a polished mace
  9582 | Bailey   | Got a spiked cloak
  9593 | Bailey   | Identified the cursed -2 cloak "Soetud" {rC+} (You found it
                  | in a bailey)
  9593 | Bailey   | Identified the cursed +2 mace "Ichassay" {drain, Will+}
                  | (You found it in a bailey)
  9606 | Bailey   | You finish putting on your +1 gold dragon scales {rare}.
  9611 | Bailey   | You finish taking off your +1 gold dragon scales {rare}.
  9711 | D:8      | magus.rc [v1.9.10]
  9819 | D:8      | Reached skill level 6 in Invocations
 10023 | D:8      | Reached skill level 7 in Stealth
 10075 | D:8      | Noticed a two-headed ogre
 10080 | D:8      | Killed a two-headed ogre
 10089 | D:8      | Noticed a two-headed ogre
 10236 | D:8      | Killed a two-headed ogre
 10237 | D:8      | Reached XP level 11. HP: 74/81 MP: 12/22
 10837 | D:9      | Noticed a centaur warrior
 10852 | D:9      | Killed a centaur warrior
 10853 | D:9      | Reached skill level 6 in Fighting
 10853 | D:9      | Reached skill level 6 in Short Blades
 10853 | D:9      | Reached skill level 6 in Long Blades
 10853 | D:9      | Reached skill level 6 in Axes
 10853 | D:9      | Reached skill level 6 in Maces & Flails
 10853 | D:9      | Reached skill level 6 in Polearms
 10853 | D:9      | Reached skill level 6 in Staves
 10853 | D:9      | Reached skill level 6 in Slings
 10853 | D:9      | Reached skill level 6 in Bows
 10853 | D:9      | Reached skill level 6 in Crossbows
 10853 | D:9      | Reached skill level 6 in Throwing
 10853 | D:9      | Reached skill level 6 in Armour
 10853 | D:9      | Reached skill level 6 in Shields
 10853 | D:9      | Reached skill level 6 in Unarmed Combat
 10853 | D:9      | Reached skill level 5 in Hexes
 10853 | D:9      | Reached skill level 5 in Summonings
 10853 | D:9      | Reached skill level 5 in Necromancy
 10853 | D:9      | Reached skill level 5 in Translocations
 10853 | D:9      | Reached skill level 5 in Transmutations
 10853 | D:9      | Reached skill level 5 in Fire Magic
 10853 | D:9      | Reached skill level 5 in Ice Magic
 10853 | D:9      | Reached skill level 5 in Air Magic
 10853 | D:9      | Reached skill level 5 in Earth Magic
 10853 | D:9      | Reached skill level 5 in Poison Magic
 10853 | D:9      | Reached skill level 6 in Evocations
 10989 | D:9      | Reached skill level 8 in Spellcasting
 11724 | D:9      | Found a bloodstained altar of Trog.
 11725 | D:9      | Found a sparkling altar of Nemelex Xobeh.
 11802 | D:10     | Entered Level 10 of the Dungeon
 12307 | D:10     | Reached skill level 9 in Conjurations
 12307 | D:10     | Reached skill level 7 in Invocations
 12362 | D:10     | Reached ****** piety under Cheibriados
 12653 | D:10     | Found a staircase to the Orcish Mines.
 12661 | D:10     | Reached skill level 8 in Dodging
 13096 | D:10     | You pick up a book of Fire and begin reading...
 13096 | D:10     | You add the spells Ignite Poison, Fireball, Starburst and
                  | Ignition to your library.
 13103 | D:10     | Learned a level 5 spell: Fireball
 13383 | D:10     | Killed an unseen horror
 13453 | D:10     | Got a crude war axe
 13454 | D:10     | Identified the cursed +2 war axe of Eternal Vigilance
                  | {flame, rN+} (You found it on level 10 of the Dungeon)
 13886 | D:11     | Noticed a two-headed ogre
 13893 | D:11     | Killed a two-headed ogre
 13894 | D:11     | Reached skill level 8 in Stealth
 13900 | D:11     | Noticed a six-headed hydra
 14065 | D:11     | Reached XP level 12. HP: 89/89 MP: 8/24
 14777 | D:11     | Reached skill level 7 in Fighting
 14777 | D:11     | Reached skill level 7 in Short Blades
 14777 | D:11     | Reached skill level 7 in Long Blades
 14777 | D:11     | Reached skill level 7 in Axes
 14777 | D:11     | Reached skill level 7 in Maces & Flails
 14777 | D:11     | Reached skill level 7 in Polearms
 14777 | D:11     | Reached skill level 7 in Staves
 14777 | D:11     | Reached skill level 7 in Slings
 14777 | D:11     | Reached skill level 7 in Bows
 14777 | D:11     | Reached skill level 7 in Crossbows
 14777 | D:11     | Reached skill level 7 in Throwing
 14777 | D:11     | Reached skill level 7 in Armour
 14777 | D:11     | Reached skill level 7 in Shields
 14777 | D:11     | Reached skill level 7 in Unarmed Combat
 14777 | D:11     | Reached skill level 7 in Evocations
 14934 | D:11     | Found a staircase to the Lair.
 15132 | D:11     | Killed a four-headed hydra
 15463 | Lair:1   | Entered Level 1 of the Lair of Beasts
 15468 | Lair:1   | Reached skill level 6 in Hexes
 15468 | Lair:1   | Reached skill level 6 in Summonings
 15468 | Lair:1   | Reached skill level 6 in Necromancy
 15468 | Lair:1   | Reached skill level 6 in Translocations
 15468 | Lair:1   | Reached skill level 6 in Transmutations
 15468 | Lair:1   | Reached skill level 6 in Fire Magic
 15468 | Lair:1   | Reached skill level 6 in Ice Magic
 15468 | Lair:1   | Reached skill level 6 in Air Magic
 15468 | Lair:1   | Reached skill level 6 in Earth Magic
 15468 | Lair:1   | Reached skill level 6 in Poison Magic
 15485 | Lair:1   | Noticed an eight-headed hydra
 15496 | Lair:1   | Killed a four-headed hydra
 15497 | Lair:1   | Reached skill level 8 in Invocations
 15618 | Lair:1   | Noticed a four-headed hydra
 15628 | Lair:1   | Killed a one-headed hydra
 15629 | Lair:1   | Reached skill level 9 in Spellcasting
 16487 | Lair:2   | You drop +1 gold dragon scales {rare}.
 16650 | Lair:2   | Reached skill level 9 in Dodging
 16652 | Lair:2   | Noticed a four-headed hydra
 16661 | Lair:2   | Noticed a five-headed hydra
 16666 | Lair:2   | Killed a three-headed hydra
 16672 | Lair:2   | HP: 18/92 [two-headed hydra (7)]
 16673 | Lair:2   | Slain by a one-headed hydra

Vanquished Creatures
  A centaur warrior (D:9)
  4 hydras
  4 two-headed ogres
  An unseen horror (D:10)
  Pikel (D:5)
  An elephant (D:11)
  A gargoyle (D:11)
  Maggie (D:7)
  6 cane toads
  2 kobold demonologists (D:11)
  2 komodo dragons (Lair:2)
  4 trolls
  Prince Ribbit (D:7)
  11 yaks
  A basilisk (D:11)
  3 wyverns
  4 water moccasins
  3 black bears
  10 orc warriors
  3 phantoms (D:10)
  An ice beast (D:7)
  5 centaurs
  4 ogres
  4 wolves (Lair:2)
  3 lemures (D:5)
  2 big kobolds (D:11)
  3 elf zombies (Ossuary)
  6 bullfrogs
  3 elf skeletons (D:7)
  A gnoll sergeant (D:10)
  4 scorpions
  12 killer bees (D:10)
  4 wights (D:11)
  5 howler monkeys
  An electric eel (D:6)
  A bullfrog zombie (D:7)
  5 centaur zombies
  2 jellies
  2 human zombies
  2 bullfrog skeletons
  2 centaur skeletons
  9 hounds
  4 orc priests
  2 human skeletons (D:7)
  3 worker ants
  3 iguanas
  10 orc wizards
  5 ogre zombies (D:10)
  2 big kobold zombies (Ossuary)
  3 hound zombies
  3 mummies (Ossuary)
  11 gnolls
  A worker ant zombie (D:8)
  A howler monkey skeleton (D:9)
  6 adders
  2 shadow imps
  4 white imps
  An ufetubus (D:5)
  2 adder zombies (Ossuary)
  An adder skeleton (D:4)
  4 worms
  3 dart slugs
  6 leopard geckos
  48 orcs
  7 bats
  5 giant cockroaches
  15 goblins
  8 hobgoblins
  10 jackals
  14 kobolds
  3 quokkas
  7 frilled lizards
  3 goblin skeletons (D:10)
  4 goblin zombies
  A hobgoblin skeleton (D:10)
  11 hobgoblin zombies
  2 jackal zombies (Ossuary)
  4 kobold zombies (Ossuary)
  A leopard gecko skeleton (D:7)
  6 orc skeletons
  8 orc zombies
  A quokka skeleton (D:8)
  5 quokka zombies (Ossuary)
  7 rats
  3 rat zombies (Ossuary)
395 creatures vanquished.

Vanquished Creatures (others)
  7 plants
7 creatures vanquished.

Grand Total: 402 creatures vanquished

Table legend:
 A = Non-vault XP
 B = Vault XP
 C = Vault XP percentage of total XP
 D = Non-vault monster count
 E = Vault monster count
 F = Vault count percentage of total count
                 A         B        C        D         E       F
            +---------+---------+-------+---------+---------+-------
      Total |   24394 |    6362 |  20.7 |     275 |     117 |  29.8
            +---------+---------+-------+---------+---------+-------
        D:1 |      35 |       0 |   0.0 |      16 |       0 |   0.0
        D:2 |      60 |       0 |   0.0 |      22 |       0 |   0.0
        D:3 |     290 |       0 |   0.0 |      31 |       0 |   0.0
        D:4 |     161 |       3 |   1.8 |      13 |       1 |   7.1
        D:5 |     480 |     617 |  56.2 |      20 |       1 |   4.8
        D:6 |     681 |       0 |   0.0 |      18 |       0 |   0.0
        D:7 |    1262 |    1037 |  45.1 |      21 |      13 |  38.2
        D:8 |    3780 |       8 |   0.2 |      25 |       4 |  13.8
        D:9 |    2353 |       0 |   0.0 |      26 |       0 |   0.0
       D:10 |    3361 |     961 |  22.2 |      28 |      34 |  54.8
       D:11 |    5038 |     993 |  16.5 |      32 |       4 |  11.1
     Lair:1 |    4763 |       0 |   0.0 |      13 |       0 |   0.0
     Lair:2 |    2130 |    1332 |  38.5 |      10 |       2 |  16.7
    Ossuary |       0 |     584 | 100.0 |       0 |      37 | 100.0
     Bailey |       0 |     827 | 100.0 |       0 |      21 | 100.0
            +---------+---------+-------+---------+---------+-------

Illustrated notes

Table legend:
 A = Kills in this place as a percentage of kills in entire the game.
 B = Kills by you in this place as a percentage of kills by you in the entire game.
 C = Kills by friends in this place as a percentage of kills by friends in the entire game.
 D = Other kills in this place as a percentage of other kills in the entire game.
 E = Experience gained in this place as a percentage of experience gained in the entire game.
 F = Experience gained in this place divided by the number of levels of this place that you have seen.
                   A       B       C       D       E      F
               +-------+-------+-------+-------+-------+----------------------
         Total | 100.0 | 100.0 |   N/A |   N/A | 100.0 | 1922.2
       Dungeon |  78.8 |  78.8 |   N/A |   N/A |  68.7 | 1920.0
          Lair |   6.4 |   6.4 |   N/A |   N/A |  26.7 | 4112.5
       Ossuary |   9.4 |   9.4 |   N/A |   N/A |   1.9 | 584.0
        Bailey |   5.4 |   5.4 |   N/A |   N/A |   2.7 | 827.0
               +-------+-------+-------+-------+-------+----------------------

Table legend: (Time is in decaauts)
 A = Elapsed time spent in this place.
 B = Non-inter-level travel time spent in this place.
 C = Inter-level travel time spent in this place.
 D = Time resting spent in this place.
 E = Time spent auto-exploring this place.
 F = Levels seen in this place.
 G = Mean time per level.
                   A        B        C        D        E       F      G
               +--------+--------+--------+--------+--------+-----+--------+
         Total |  21262 |  20421 |    841 |    134 |  17545 |  16 | 1328.9 |
       Dungeon |  17020 |  16326 |    694 |    134 |  14135 |  11 | 1547.3 |
        Temple |     81 |     53 |     28 |      0 |     52 |   1 |   81.0 |
          Lair |   1903 |   1785 |    118 |      0 |   1586 |   2 |  951.5 |
       Ossuary |    992 |    992 |      0 |      0 |    785 |   1 |  992.0 |
        Bailey |   1263 |   1263 |      0 |      0 |    987 |   1 | 1263.0 |
               +--------+--------+--------+--------+--------+-----+--------+

Top non-repeatable levels by time:
    D:10: 2838 daAuts
    D:11: 2311 daAuts
     D:8: 1802 daAuts
     D:7: 1731 daAuts
  Lair:1: 1640 daAuts
     D:6: 1615 daAuts
     D:9: 1473 daAuts
     D:4: 1362 daAuts
  Bailey: 1263 daAuts
     D:2: 1198 daAuts
     D:5: 1061 daAuts
     D:3: 996 daAuts
 Ossuary: 992 daAuts
     D:1: 630 daAuts
  Lair:2: 263 daAuts
